AoeStats
← Rafikib315

Arabia

503243299Analyzed
1v1 RM · 2mo ago on Aug 30, 2026· 60m 21s· 2 players
Game mode
Random Map
Map size
Tiny (2 player)
Population
200
Speed
Normal
Resources
Standard
Victory
Conquest
Starting age
Dark Age
Ending age
Imperial Age
RankedLock teamsTeams togetherTeam positionsShared explorationLock speedFull tech treeHidden civsTurbo modeCheats
Victory
Defeat
🇫🇷 Byzantines · France
898
+16
vs
🇺🇸 Tatars · United States
899
-16
Rafikib315
8:51 Loom
11:18 Feudal Age
12:22 Double-Bit Axe
12:20 Horse Collar
15:57 Scale Barding Armor
17:01 Forging
24:44 Castle Age
25:01 Gold Mining
27:31 Iron Casting
27:49 Elite Skirmisher
29:55 Chain Barding Armor
30:16 Fletching
36:53 Ballistics
37:47 Wheelbarrow
41:09 Imperial Age
41:27 Heavy Camel Rider
43:30 Conscription
44:30 Padded Archer Armor
46:04 Leather Archer Armor
46:21 Bodkin Arrow
47:52 Chemistry
49:42 Plate Barding Armor
51:14 Ring Archer Armor
50:45 Bracer
51:18 Arrowslits
52:35 Husbandry
58:13 Thumb Ring
Phil
6:55 Loom
9:22 Feudal Age
10:38 Double-Bit Axe
14:50 Fletching
21:54 Castle Age
22:33 Crossbowman
24:35 Bodkin Arrow
25:42 Wheelbarrow
25:23 Bow Saw
25:20 Gold Mining
28:54 Ballistics
34:14 Imperial Age
33:15 Padded Archer Armor
34:12 Leather Archer Armor
38:04 Scale Barding Armor
37:59 Bracer
38:30 Ring Archer Armor
38:11 Scale Barding Armor
42:35 Chemistry
42:43 Conscription
43:46 Silk Armor
47:37 Siege Engineers
50:16 Bloodlines
50:07 Husbandry
52:48 Hand Cart
52:19 Town Watch
57:06 Elite Keshik
Connection lost

Rejoining the realm…

Still unreachable

The connection could not be restored.

Session expired

The server has moved on; the page needs a fresh start.